 Dungeon Crawl Stone Soup version 0.28.0 (webtiles) character file.

Game seed: 16653560551067566592

4335 joshe the Destroyer (level 9, -37/71 HPs)
             Began as a Demigod Conjurer on Feb 6, 2022.
             Annihilated by a boulder beetle (52 damage)
             ... on level 7 of the Dungeon on Feb 7, 2022.
             The game lasted 01:04:00 (9486 turns).

joshe the Destroyer (Demigod Conjurer)              Turns: 9486, Time: 01:04:03

Health: -37/71     AC:  7    Str:  8    XL:     9   Next: 88%
Magic:  0/20       EV: 13    Int: 32    God:
Gold:   224        SH:  5    Dex: 12    Spells: 0/18 levels left

rFire   + . .      SeeInvis +   o - +7 captain's cutlass {speed, disarm}
rCold   . . .      Faith    .   (no shield)
rNeg    . . .      Spirit   .   b - +2 robe {rF+}
rPois   .          Reflect  +   (no helmet)
rElec   .          Harm     .   c - +0 cloak
rCorr   .          Rampage  .   u - +0 pair of gloves
Will    .....                   D - +0 pair of boots
Stlth   ++........              m - amulet of reflection
HPRegen 0.21/turn               g - ring of see invisible
MPRegen 0.17/turn               (no ring)

@: no status effects
A: high MP 1, forlorn, divine attributes
a: no special abilities


You were on level 7 of the Dungeon.
You visited 1 branch of the dungeon, and saw 7 of its levels.

You collected 348 gold pieces.
You spent 124 gold pieces at shops.

Inventory:

Hand Weapons
 o - the +7 captain's cutlass (weapon) {speed, disarm}
   (You found it on level 2 of the Dungeon)

   Attacks with this weapon are significantly faster.
   It may disarm weapon-wielding foes when striking them, dealing extra damage
   in the process.
Missiles
 B - 2 throwing nets
Armour
 b - a +2 robe of fire resistance (worn)
 c - a +0 cloak (worn)
 h - a +2 chain mail of willpower
 p - the +0 helmet of Qiskofam {rN+++ Will- Regen+}
   (You took it off Robin on level 2 of the Dungeon)

   rN:        It renders you almost immune to negative energy.
   Regen:     It increases your rate of health regeneration.
   Will:      It decreases your willpower.
 u - a +0 pair of gloves (worn)
 D - a +0 pair of boots (worn)
Magical Staves
 a - a staff of fire
Jewellery
 g - a ring of see invisible (left hand)
 m - an amulet of reflection (around neck)
 C - a ring of fire
Wands
 y - a wand of iceblast (5)
Scrolls
 d - a scroll of brand weapon {unknown}
 f - a scroll of teleportation
 i - 2 scrolls of magic mapping
 l - 2 scrolls of fear {unknown}
 n - 3 scrolls of enchant weapon {unknown}
 q - a scroll of holy word {unknown}
 r - a scroll of vulnerability {unknown}
 s - 3 scrolls of enchant armour
 x - a scroll of acquirement {unknown}
 z - a scroll of amnesia {unknown}
Potions
 e - 3 potions of curing
 j - a potion of invisibility
 k - a potion of heal wounds
 t - 2 potions of berserk rage
 v - a potion of attraction
 w - a potion of flight
 A - a potion of might


   Skills:
 - Level 4.0 Fighting
 - Level 4.0 Short Blades
 - Level 4.0 Dodging
 - Level 1.7 Stealth
 - Level 5.0 Spellcasting
 - Level 8.0 Conjurations
 + Level 6.7 Hexes
 - Level 2.0 Translocations
 - Level 2.0 Fire Magic


You couldn't memorise any spells.
You knew the following spells:

 Your Spells              Type           Power      Damage    Failure   Level
a - Magic Dart            Conj           100%       1d8       1%          1
b - Searing Ray           Conj           100%       2d8       1%          2
c - Fulminant Prism       Conj/Hex       26%        3d14      2%          4
d - Iskenderun's Mystic   Conj/Tloc      40%        2d9       6%          4
e - Conjure Flame         Conj/Fire      40%        6-21      1%          3
f - Flame Wave            Conj/Fire      40%        2d9       6%          4

Your spell library contained the following spells:

 Spells                   Type           Power      Damage    Failure   Level
 Foxfire                  Conj/Fire      100%       2x1d9     1%          1
 Dazzling Flash           Conj/Hex       100%       N/A       1%          3
 Inner Flame              Hex/Fire       36%        N/A       2%          3
 Portal Projectile        Hex/Tloc       72%        N/A       2%          3
 Leda's Liquefaction      Hex/Erth       14%        N/A       13%         4
 Call Canine Familiar     Summ           8%         N/A       16%         3


Dungeon Overview and Level Annotations

Branches:
Dungeon (7/15)             Temple (0/1) D:6

Shops:
D:5 ?!!   D:7 ?


Innate Abilities, Weirdness & Mutations

You have an increased reservoir of magic. (+10% MP)
You shall have no god before yourself.
Your divine heritage dramatically boosts your attributes as you level up.


Message History

A fulminant prism comes into view.
The boulder beetle curls into a ball and begins rolling!
Your fulminant prism crackles loudly.
The boulder beetle hits your fulminant prism!!!
The boulder beetle stops rolling and uncurls.
Your fulminant prism explodes!
The blast of energy engulfs the boulder beetle but does no damage.
The boulder beetle is moderately wounded.
Casting: Fulminant Prism (dangerous; 2% risk of failure)
Confirm with . or Enter, or press ? or * to list all spells.
Aiming: Fulminant Prism (dangerous; 2% risk of failure)
Press: ? - help, Dir - move target You conjure a prism of explosive energy!
A fulminant prism comes into view.
The boulder beetle curls into a ball and begins rolling!
Your fulminant prism crackles loudly.
Your fulminant prism explodes!
The blast of energy engulfs the boulder beetle!!
The boulder beetle is severely wounded.
You hear a shout!
Casting: Fulminant Prism (dangerous; 2% risk of failure)
Confirm with . or Enter, or press ? or * to list all spells.
You don't have enough magic to cast this spell.
You hit the boulder beetle.
The boulder beetle is severely wounded.
The boulder beetle hits you!
The boulder beetle stops rolling and uncurls.
You hit the boulder beetle but do no damage.
The boulder beetle is severely wounded.
The boulder beetle bites you!!
* * * LOW HITPOINT WARNING * * *
The boulder beetle curls into a ball and begins rolling!
Casting: Fulminant Prism (dangerous; 2% risk of failure)
Confirm with . or Enter, or press ? or * to list all spells.
You erupt in a blast of force!
The mystic blast hits the boulder beetle but does no damage.
The boulder beetle is severely wounded.
The boulder beetle hits you!!!
Ouch! That really hurt!
You die...

## #.........# #
.#############.........########..
...B°°........................#.#
.#############.........#...##....
.............'.........+...>.....
.....#########.........#.#.......
..#....# ###########.##......
.##..#.# ###############......#..
.B*..#.###..#.○B@.............# .
##...#B.B○..#°#####...#######.#
.###.).###○##.# #...# ...
...###........# #...# ..#.
..#..####.....# #...# .#
...#....###...### #...# .#
..#..###..###...###...#
...######.#.###...#..[#
.####..#..#.. ###....##


You could see a boulder beetle (rolling).

Vanquished Creatures
  Harold (D:7)
  Grinder (D:5)
  7 yaks
  A vampire mosquito (D:7)
  2 black bears
  A sky beast (D:7)
  A hornet zombie (D:7)
  An ice beast (D:5)
  A necrophage (D:6)
  An ogre (D:6)
  A centaur (D:7)
  3 bullfrogs
  4 scorpions
  A water moccasin zombie (D:5)
  A wyvern zombie (D:7)
  A wyvern skeleton (D:6)
  A jelly (D:5)
  4 wights (D:4)
  2 bullfrog zombies (D:6)
  A centaur skeleton (D:5)
  A centaur zombie (D:7)
  4 hounds
  A gnoll shaman (D:6)
  2 bullfrog skeletons
  3 iguanas
  Terence (D:2)
  5 orc wizards (D:5)
  Robin (D:2)
  11 gnolls
  8 adders
  A howler monkey skeleton (D:6)
  A shadow imp (D:5)
  A white imp (D:7)
  An ufetubus (D:7)
  An adder skeleton (D:4)
  4 dart slugs
  15 orcs
  5 ball pythons
  5 endoplasms
  5 giant cockroaches (D:3)
  15 goblins
  6 hobgoblins
  5 kobolds
  2 quokkas (D:1)
  6 bats
  3 frilled lizards
  3 rats (D:2)
152 creatures vanquished.

Vanquished Creatures (others)
  51 fulminant prisms
  A plant (D:1)
52 creatures vanquished.

Grand Total: 204 creatures vanquished

Notes
Turn   | Place    | Note
-------+----------+-------------------------------------------
     0 | D:1      | joshe the Demigod Conjurer began the quest for the Orb.
     0 | D:1      | Reached XP level 1. HP: 14/14 MP: 5/5
   237 | D:1      | Reached skill level 4 in Conjurations
   288 | D:1      | Reached XP level 2. HP: 20/20 MP: 4/7
   291 | D:1      | Learned a level 2 spell: Searing Ray
  1273 | D:2      | Reached XP level 3. HP: 26/26 MP: 3/8
  1374 | D:2      | Reached skill level 5 in Conjurations
  1575 | D:2      | Reached XP level 4. HP: 33/33 MP: 5/9
  1580 | D:2      | Learned a level 4 spell: Fulminant Prism
  1731 | D:2      | Noticed Terence
  1776 | D:2      | Killed Terence
  2166 | D:2      | Found the +7 captain's cutlass {speed, disarm}
  2457 | D:2      | Identified the +0 helmet of Qiskofam {rN+++ Will- Regen+}
  2457 | D:2      | Noticed Robin
  2499 | D:2      | Reached XP level 5. HP: 32/38 MP: 6/10
  2599 | D:2      | Killed Robin
  2600 | D:2      | Reached skill level 6 in Conjurations
  3862 | D:4      | Reached skill level 7 in Conjurations
  3862 | D:4      | Reached XP level 6. HP: 45/45 MP: 3/11
  4332 | D:4      | Reached skill level 1 in Fighting
  4332 | D:4      | Reached skill level 1 in Short Blades
  4438 | D:4      | Identified the +1 leather armour "Redorphuci" {-Cast +Inv
                  | rF+ Will+}
  4734 | D:5      | Entered Level 5 of the Dungeon
  4777 | D:5      | Noticed Grinder
  4792 | D:5      | Killed Grinder
  4793 | D:5      | Reached XP level 7. HP: 55/55 MP: 3/13
  5255 | D:5      | Found Xogeutiv's Magic Scroll Boutique.
  5261 | D:5      | Bought a scroll of identify for 20 gold pieces
  5261 | D:5      | Bought a scroll of identify for 20 gold pieces
  5261 | D:5      | Bought a scroll of identify for 20 gold pieces
  5261 | D:5      | Bought a scroll of identify for 20 gold pieces
  5445 | D:5      | Reached XP level 8. HP: 49/61 MP: 10/17
  5632 | D:5      | Found Vaonion's Distillery.
  5954 | D:5      | Found Atuxzaw's Distillery.
  6455 | D:6      | Learned a level 4 spell: Iskenderun's Mystic Blast
  6462 | D:6      | Learned a level 3 spell: Conjure Flame
  6548 | D:6      | Reached skill level 8 in Conjurations
  6589 | D:6      | Reached skill level 1 in Translocations
  6589 | D:6      | Reached skill level 1 in Fire Magic
  6909 | D:6      | Found a staircase to the Ecumenical Temple.
  7191 | D:6      | Reached skill level 5 in Spellcasting
  7625 | D:6      | Reached XP level 9. HP: 67/67 MP: 17/20
  7872 | D:6      | Learned a level 4 spell: Flame Wave
  8194 | D:7      | Found Ibyufoz's Magic Scroll Boutique.
  8197 | D:7      | Bought a scroll of identify for 22 gold pieces
  8197 | D:7      | Bought a scroll of identify for 22 gold pieces
  8740 | D:7      | Noticed Harold
  8761 | D:7      | Killed Harold
  8762 | D:7      | Reached skill level 5 in Hexes
  8848 | D:7      | Noticed a boulder beetle
  9486 | D:7      | Annihilated by a boulder beetle

Illustrated notes

Levels and vault maps discovered:
D:1:      roderic_dead_forest, layout_rooms,
          shapermc_ecumenical_altar_mp_ritualfount, minivault_5,
          hangedman_decor_opposing, chequers_serial_rivers_micro_a,
          minmay_misc_feat_square
D:2:      layout_basic, uniq_robin, uniq_terence
D:3:      layout_rooms, grunt_decor_arrowhead, minmay_misc_feat_four_crosses
D:4:      layout_rooms
D:5:      layout_basic, serial_shops, shop_statue, nicolae_shop_trees, shop,
          uniq_grinder
D:6:      hellmonk_warped_wall, layout_loops_ring, cheibriados_altar_1,
          minmay_temple_entry_poolview
D:7:      minmay_the_grid_triangle_9x9_rhombus_full
          [minmay_the_grid_triangle_9x9_corrupted_corridor,
          minmay_the_grid_triangle_9x9_wacky_v,
          minmay_the_grid_triangle_9x9_zippers_horizontal,
          minmay_the_grid_triangle_9x9_longest,
          minmay_the_grid_triangle_9x9_checkered,
          minmay_the_grid_triangle_9x9_corruption,
          minmay_the_grid_triangle_9x9_limited_checkers,
          minmay_the_grid_triangle_9x9_prize_schism], layout_basic,
          serial_shops, nicolae_stop_n_shop_1, minmay_circle_x, uniq_harold,
          uniq_crazy_yiuf_cottage, uniq_duvessa

Skill      XL: |  1  2  3  4  5  6  7  8  9 |
---------------+----------------------------+-----
Spellcasting   | 2 4 5 |  5.0
Conjurations   | 4 5 7 8 |  8.0
Dodging        | 2 4 |  4.0
Fighting       | 2 4 |  4.0
Short Blades   | 2 3 4 |  4.0
Hexes          | 3 4 6 |  6.7
Translocations | 2 |  2.0
Fire Magic     | 2 |  2.0
Stealth        | |  1.7

Action                   |  1- 3 |  4- 6 |  7- 9 || total
-------------------------+-------+-------+-------++-------
Melee: Cutlass           |       |    14 |    98 ||   112
       Punch             |       |       |     1 ||     1
 Cast: Magic Dart        |    46 |    84 |    70 ||   200
       Searing Ray       |     7 |    17 |    22 ||    46
       Fulminant Prism   |       |     2 |    49 ||    51
       Conjure Flame     |       |       |     7 ||     7
       Iskenderun's Myst |       |       |     4 ||     4
Evoke: Wand              |       |     1 |       ||     1
  Use: Scroll            |       |     3 |     8 ||    11
       Potion            |       |       |     1 ||     1
 Stab: Distracted        |       |     1 |       ||     1
Armor: Robe              |     4 |     6 |    16 ||    26
Dodge: Dodged            |     3 |    25 |    44 ||    72
Block: Other             |       |     9 |    16 ||    25
       Reflection        |       |     1 |       ||     1
